 Dungeon Sprint DCSS version 0.29.1-2-gbd0b4ee654 (webtiles) character file.

Game seed: 2419190394207617008

9827 Zeld the Eclecticist (level 11, -31/54 HPs)
             Began as a Deep Elf Conjurer on Nov 7, 2022.
             Was a High Priest of Sif Muna.
             Killed by an exploding ball lightning (34 damage)
             ... in the Dungeon (Sprint IV: "Fedhas' Mad Dash").
             The game lasted 00:07:44 (6541 turns).

Zeld the Eclecticist (Deep Elf Conjurer)            Turns: 6541, Time: 00:07:46

Health: -31/54     AC:  2    Str:  4    XL:     11   Next: 28%
Magic:  30/37      EV: 18    Int: 28    God:    Sif Muna [*****.]
Gold:   251        SH:  0    Dex: 13    Spells: 22/51 levels left

rFire   . . .      SeeInvis .   h - staff of conjuration
rCold   . . .      Faith    .   (no shield)
rNeg    . . .      Spirit   .   a - +0 robe
rPois   .          Reflect  .   (no helmet)
rElec   .          Harm     .   (no cloak)
rCorr   .          Rampage  .   (no gloves)
Will    +....      NoTele   +   (no boots)
Stlth   ++++++....              c - amulet of invisibility {+Inv}
HPRegen 0.18/turn               (no ring)
MPRegen 0.25/turn               (no ring)

@: very slightly contaminated, invisible
A: no striking features
a: Renounce Religion, Evoke Invisibility, Channel Magic, Forget Spell, Divine
Exegesis


You were in the Dungeon.
You worshipped Sif Muna.
Sif Muna was extremely pleased with you.
You visited 1 branch You collected 443 gold pieces.
You spent 192 gold pieces at shops.

Inventory:

Armour
 a - a +0 robe (worn)
Magical Staves
 h - a staff of conjuration (weapon)
Jewellery
 c - the amulet of invisibility (around neck) {+Inv}
   (You found it in the Dungeon)

   [amulet of nothing]

   +Inv:      It lets you turn invisible.
Scrolls
 d - 4 scrolls of identify
 g - a scroll of blinking
 j - a scroll of enchant weapon {unknown}
Potions
 b - 2 potions of magic
 e - a potion of haste
 f - a potion of berserk rage
 i - a potion of lignification {unknown}
 k - a potion of curing


   Skills:
 + Level 14.0 Dodging
 + Level 15.1 Stealth
 * Level 20.7 Spellcasting
 * Level 18.0 Conjurations


You had 22 spell levels left.
You knew the following spells:

 Your Spells              Type           Power      Damage    Failure   Level
a - Magic Dart            Conj           100%       1d8       0%          1
b - Searing Ray           Conj           100%       2d8       0%          2
c - Fulminant Prism       Conj/Hex       44%        3d20      1%          4
d - Iskenderun's Mystic   Conj/Tloc      88%        2d17      1%          4
e - Lightning Bolt        Conj/Air       44%        1d63      1%          5
f - Conjure Ball Lightni  Conj/Air       44%        3x3d15    4%          6
p - Orb of Destruction    Conj           57%        9d14      1%          7

Your spell library contained the following spells:

 Spells                   Type           Power      Damage    Failure   Level
 Necrotise                Necr           100%       1d9       1%          1
 Shock                    Conj/Air       100%       1d9       1%          1
 Conjure Flame            Conj/Fire      88%        6-21      1%          3
 Dazzling Flash           Conj/Hex       100%       N/A       1%          3
 Stone Arrow              Conj/Erth      100%       3d13      1%          3
 Flame Wave               Conj/Fire      88%        2d19      1%          4
 Irradiate                Conj/Tmut      44%        3d26      1%          5
 Freezing Cloud           Conj/Ice/Air   38%        6-21      3%          5
 Starburst                Conj/Fire      44%        6d12      4%          6
 Animate Dead             Necr           29%        N/A       13%         4
 Passage of Golubria      Tloc           29%        N/A       13%         4
 Spellforged Servitor     Conj/Summ      44%        N/A       28%         7
 Agony                    Necr           29%        N/A       36%         5
 Silence                  Hex/Air        14%        N/A       36%         5
 Simulacrum               Ice/Necr       14%        N/A       90%         6
 Lehudib's Crystal Spear  Conj/Erth      44%        10d11     91%         8
 Haunt                    Necr/Summ      14%        N/A       100%        7
 Infestation              Necr           14%        N/A       100%        8


Dungeon Overview and Level Annotations

Branches:
Dungeon (1/1)

Altars:
Cheibriados
Dithmenos
Elyvilon
Gozag
Hepliaklqana
Kikubaaqudgha
Makhleb
Nemelex Xobeh
Okawaru
Qazlal
Ru
Sif Muna
Trog
Uskayaw
Vehumet
Wu Jian
Xom
Yredelemnul
Zin
The Shining One
Jiyva
Lugonu

Shops:
D [((*?:=(:*?[*!![

Annotations:
D exclusion: 5 oklob plants


Message History

Casting: Iskenderun's Mystic Blast (safe; 1% risk of failure)
Confirm with . or Enter, or press ? or * to list all spells.
The spell is quite dangerous to miscast (4% risk of failure)!
Continue anyway?
You feel a surge of power!
You create some ball lightning! 3 ball lightnings come into view.
Unknown command.
Your ball lightning explodes!
The blast of lightning engulfs your ball lightning.
Your ball lightning completely resists.
The blast of lightning engulfs the oklob plant!!
The oklob plant is moderately damaged.
The blast of lightning engulfs the oklob plant!!
The oklob plant is severely damaged.
The blast of lightning engulfs the oklob plant!!
The oklob plant is heavily damaged.
The blast of lightning engulfs you!!
The blast of lightning engulfs your ball lightning.
Your ball lightning completely resists.
The blast of lightning engulfs the oklob plant!
The oklob plant is moderately damaged.
Your ball lightning explodes!
The blast of lightning engulfs you!!
Ouch! That really hurt!
* * * LOW HITPOINT WARNING * * *
The blast of lightning engulfs the oklob plant!!
The oklob plant is severely damaged.
The blast of lightning engulfs your ball lightning.
Your ball lightning completely resists.
The blast of lightning engulfs the oklob plant.
The oklob plant is severely damaged.
Unknown command.
Unknown command.
Unknown command.
Your ball lightning explodes!
The blast of lightning engulfs the oklob plant!!
You destroy the oklob plant!
Sif Muna accepts your kill. The blast of lightning engulfs you!!
Ouch! That really hurt!
You die...

.......)P..........♣.....∩=∩...)#
............#####################
############# ####### #######
...# ###..#####...∩∩###.....###
...# #....'.........##...P..'"#
.### #....#####P..).'......)###
## ##....# ###############
.####..)..#####∩∩∩#..P.P.
..........'....∩@∩'......
..........#####∩∩∩#.P.P.P
########### ##### #####


You could see 4 oklob plants.

Vanquished Creatures
  Agnes (D)
  A spriggan defender (D)
  2 spriggan berserkers (D)
  A spriggan druid (D)
  9 oklob plants (D)
  A demonic crawler (D)
  3 wandering mushrooms (D)
  3 burning bushes (D)
  A queen bee (D)
  4 hornets (D)
  4 scorpions (D)
  5 oklob saplings (D)
  4 killer bees (D)
  5 spriggans (D)
  A river rat (D)
  A rat (D)
  A ballistomycete spore (D)
47 creatures vanquished.

Vanquished Creatures (others)
  3 ball lightnings (D)
  A ballistomycete spore (D)
  2 bushes (D)
  34 fulminant prisms (D)
  4 fungi (D)
44 creatures vanquished.

Grand Total: 91 creatures vanquished

Notes
Turn   | Place    | Note
-------+----------+-------------------------------------------
     0 | D        | Zeld the Deep Elf Conjurer began the quest for the Orb.
     0 | D        | Reached XP level 1. HP: 10/10 MP: 6/6
    14 | D        | Reached skill level 4 in Spellcasting
    14 | D        | Reached skill level 5 in Conjurations
    14 | D        | Reached XP level 2. HP: 12/15 MP: 5/9
    18 | D        | Learned a level 2 spell: Searing Ray
   166 | D        | Noticed a scorpion
   166 | D        | Found the amulet of invisibility {+Inv}
   173 | D        | Killed a scorpion
   174 | D        | Reached skill level 6 in Spellcasting
   174 | D        | Reached XP level 3. HP: 18/19 MP: 2/13
   174 | D        | Reached XP level 4. HP: 23/24 MP: 2/14
   395 | D        | Learned a level 4 spell: Fulminant Prism
   400 | D        | Learned a level 4 spell: Iskenderun's Mystic Blast
   581 | D        | Found an opulent altar of Gozag.
   581 | D        | Found a hazy altar of Hepliaklqana.
   581 | D        | Found a burning altar of Makhleb.
   581 | D        | Found a sparkling altar of Nemelex Xobeh.
   581 | D        | Found a snail-covered altar of Cheibriados.
   581 | D        | Found a sacrificial altar of Ru.
   581 | D        | Found a shimmering blue altar of Sif Muna.
   581 | D        | Found a shimmering altar of Xom.
   581 | D        | Found a basalt altar of Yredelemnul.
   582 | D        | Found a viscous altar of Jiyva.
   582 | D        | Found a bloodstained altar of Trog.
   582 | D        | Found an ornate altar of the Wu Jian Council.
   583 | D        | Found an iron altar of Okawaru.
   583 | D        | Found a shadowy altar of Dithmenos.
   583 | D        | Found a glowing silver altar of Zin.
   584 | D        | Found an ancient bone altar of Kikubaaqudgha.
   584 | D        | Found a hide-covered altar of Uskayaw.
   585 | D        | Found a stormy altar of Qazlal.
   585 | D        | Found a glowing golden altar of the Shining One.
   585 | D        | Found a white marble altar of Elyvilon.
   586 | D        | Found a radiant altar of Vehumet.
   586 | D        | Found a corrupted altar of Lugonu.
   588 | D        | Became a worshipper of Sif Muna the Loreminder
   594 | D        | Reached skill level 5 in Dodging
   594 | D        | Reached skill level 5 in Stealth
   594 | D        | Reached skill level 8 in Spellcasting
   782 | D        | Reached XP level 5. HP: 28/28 MP: 10/18
   815 | D        | Reached * piety under Sif Muna
   816 | D        | Reached skill level 9 in Spellcasting
  1104 | D        | Found Fameazys's Antique Armour Shop.
  1104 | D        | Found Fasocuu's Magic Scroll Emporium.
  1108 | D        | Bought a scroll of identify for 28 gold pieces
  1108 | D        | Bought a scroll of identify for 28 gold pieces
  1440 | D        | Noticed a burning bush
  1440 | D        | Noticed a wandering mushroom
  1443 | D        | Reached ** piety under Sif Muna
  1444 | D        | Reached skill level 10 in Spellcasting
  1444 | D        | Reached XP level 6. HP: 32/32 MP: 14/21
  1444 | D        | Noticed a wandering mushroom
  1638 | D        | Killed a wandering mushroom
  1638 | D        | Killed a burning bush
  1639 | D        | Reached skill level 12 in Spellcasting
  1639 | D        | Reached XP level 7. HP: 36/36 MP: 10/25
  1642 | D        | Killed a wandering mushroom
  1643 | D        | Reached skill level 13 in Spellcasting
  1804 | D        | Found Lisiptooph's Distillery.
  1805 | D        | Found Reptyol's Armour Emporium.
  1849 | D        | Reached XP level 8. HP: 41/41 MP: 19/27
  2100 | D        | Reached *** piety under Sif Muna
  2273 | D        | Noticed a queen bee
  2280 | D        | Reached skill level 10 in Stealth
  2281 | D        | Reached **** piety under Sif Muna
  2281 | D        | Killed a queen bee
  2282 | D        | Reached skill level 14 in Spellcasting
  2426 | D        | Noticed an oklob plant
  2441 | D        | Killed an oklob plant
  2442 | D        | Reached skill level 10 in Dodging
  2442 | D        | Reached skill level 15 in Spellcasting
  2749 | D        | Killed a burning bush
  2750 | D        | Reached XP level 9. HP: 45/45 MP: 17/30
  2912 | D        | Noticed a burning bush
  2912 | D        | Noticed an oklob plant
  2920 | D        | Killed a burning bush
  3177 | D        | Noticed a wandering mushroom
  3186 | D        | Killed an oklob plant
  3186 | D        | Reached ***** piety under Sif Muna
  3186 | D        | Killed a wandering mushroom
  3186 | D        | Received a gift from Sif Muna
  3187 | D        | Reached skill level 16 in Spellcasting
  3189 | D        | Got Sif Muna's Tractate on Conjuration {god gift}
  3467 | D        | Noticed a spriggan druid
  3469 | D        | Killed a spriggan druid
  3470 | D        | Reached skill level 17 in Spellcasting
  3615 | D        | Noticed an oklob plant conjurer
  3622 | D        | Killed an oklob plant conjurer
  3623 | D        | Reached skill level 15 in Conjurations
  4028 | D        | Noticed Agnes
  4033 | D        | Noticed a spriggan berserker
  4037 | D        | Killed a spriggan berserker
  4037 | D        | Noticed a spriggan defender
  4038 | D        | Reached XP level 10. HP: 50/50 MP: 10/33
  4042 | D        | Killed Agnes
  4043 | D        | Reached skill level 18 in Spellcasting
  4043 | D        | Killed a spriggan defender
  4385 | D        | Found Woppen's Assorted Antiques.
  4387 | D        | Found Echixup's Distillery.
  4394 | D        | Bought a runed agate ring for 85 gold pieces
  4394 | D        | Bought a potion of curing for 51 gold pieces
  4417 | D        | Noticed a spriggan rider
  4422 | D        | Received a gift from Sif Muna
  4423 | D        | Reached skill level 19 in Spellcasting
  4423 | D        | Got Zomosookhu's Vellum of Grim Blasting {god gift}
  4437 | D        | Learned a level 7 spell: Orb of Destruction
  4713 | D        | Noticed an oklob plant shifter
  4713 | D        | Noticed an oklob plant meteorologist
  4999 | D        | Killed an oklob plant meteorologist
  5000 | D        | Killed an oklob plant shifter
  5073 | D        | Noticed a spriggan rider
  5081 | D        | Reached XP level 11. HP: 41/54 MP: 24/36
  5083 | D        | Reached skill level 20 in Spellcasting
  5083 | D        | Received a gift from Sif Muna
  5086 | D        | Got Sif Muna's Compendium of Battle Magic {god gift}
  5496 | D        | Noticed an oklob plant summoner
  5504 | D        | Found Dalajol's Book Emporium.
  5505 | D        | Found Miwaept's Assorted Antiques.
  5510 | D        | Killed an oklob plant summoner
  5640 | D        | Noticed an oklob plant demonologist
  5640 | D        | Noticed an oklob plant annihilator
  5641 | D        | Noticed a spriggan berserker
  5650 | D        | Noticed a death yak
  5655 | D        | Killed a spriggan berserker
  5945 | D        | Killed an oklob plant demonologist
  5945 | D        | Killed an oklob plant annihilator
  5946 | D        | Reached skill level 15 in Stealth
  6003 | D        | Got the Catalogue of the Grave
  6168 | D        | Identified the amulet of the Establishment {Acrobat rElec
                  | rF+ Will+}
  6402 | D        | Found Laxise's Antique Weapon Shoppe.
  6402 | D        | Found Qawicosuomo's Weapon Boutique.
  6402 | D        | Found Vekoyst's Antique Armour Shop.
  6402 | D        | Found Alopn's Magic Scroll Emporium.
  6402 | D        | Found Keamp's General Store.
  6403 | D        | Found Borch's Jewellery Emporium.
  6403 | D        | Found Xuadd's Antique Weapon Shop.
  6403 | D        | Found Wewank's Book Boutique.
  6423 | D        | Learned a level 5 spell: Lightning Bolt
  6430 | D        | Learned a level 6 spell: Conjure Ball Lightning
  6538 | D        | Noticed an oklob plant
  6538 | D        | Noticed an oklob plant
  6538 | D        | Noticed an oklob plant
  6538 | D        | Noticed an oklob plant
  6538 | D        | Noticed an oklob plant
  6538 | D        | Noticed an oklob plant
  6541 | D        | Killed an oklob plant
  6541 | D        | Killed by an exploding ball lightning

Illustrated notes

Levels and vault maps discovered:
D:        dungeon_sprint_fedhas [sprint_temple]

Skill      XL: |  1  2  3  4  5  6  7  8  9 10 11 |
---------------+----------------------------------+-----
Dodging        | 3 4 5 6 8 9 10 12 13 14 | 14.0
Stealth        | 3 4 6 7 9 11 12 14 15 | 15.1
Spellcasting   | 4 6 8 10 12 13 15 17 19 20 | 20.7
Conjurations   | 5 6 8 9 11 13 15 17 18 | 18.0

Action                   |  1- 3 |  4- 6 |  7- 9 | 10-12 || total
-------------------------+-------+-------+-------+-------++-------
Melee: Staff             |       |       |       |     1 ||     1
 Cast: Magic Dart        |     9 |       |       |       ||     9
       Searing Ray       |     2 |     4 |     7 |     6 ||    19
       Fulminant Prism   |       |     7 |    15 |    12 ||    34
       Iskenderun's Myst |       |     1 |     8 |    18 ||    27
       Orb of Destructio |       |       |       |     2 ||     2
       Conjure Ball Ligh |       |       |       |     1 ||     1
Invok: Channel Magic     |       |       |       |     1 ||     1
 Abil: Evoke Invisibilit |       |     3 |     6 |     9 ||    18
  Use: Potion            |     3 |       |       |       ||     3
       Scroll            |     1 |       |       |       ||     1
 Stab: Invisible         |       |       |       |     1 ||     1
Armor: Robe              |     2 |       |     1 |       ||     3
Dodge: Dodged            |     3 |     1 |     3 |    13 ||    20
